 Dungeon Crawl Stone Soup version 0.31-a0-654-gbe3e110b4e (webtiles) character file.

Game seed: 4631991040382961106

70971 Ekaitz the Frost Mage (level 14, -3/106 HPs)
             Began as a Demonspawn Ice Elementalist on Aug 29, 2023.
             Was a Follower of Uskayaw.
             Slain by an ogre
             ... wielding a +0 giant club
             ... led by Saint Roka
              (26 damage)
             ... on level 2 of the Orcish Mines.
             The game lasted 01:13:05 (18563 turns).

Ekaitz the Frost Mage (DsIE)                       Turns: 18563, Time: 01:13:06

Health: -3/106     AC: 10    Str:  9    XL:     14   Next: 96%
Magic:  0/37       EV: 13    Int: 21    God:    Uskayaw [*.....]
Gold:   1446       SH:  0    Dex: 14    Spells: 9/33 levels left

rFire   . . .        I - +10 pair of quick blades "Gyre" and "Gimble" {protect}
rCold   + + .        (shield currently unavailable)
rNeg    . . .        R - +0 steam dragon scales
rPois   .            (helmet restricted)
rElec   .            W - scarf {rC+ rF+}
rCorr   .            Z - +2 pair of gloves
SInv    .            k - +1 pair of boots
Will    +....        d - amulet of magic regeneration
Stlth   ++++         e - ring of ice
HPRegen 0.37/turn    X - ring of magical power
MPRegen 0.90/turn

%: guardian spirit
@: freezing walls
A: hooves 2, horns 2, magic shield, magic regeneration, demonic magic 2,
weakness stinger 2
a: Renounce Religion, Stomp


You were on level 2 of the Orcish Mines.
You worshipped Uskayaw.
Uskayaw was aware of your devotion.
You visited 3 branches of the dungeon, and saw 20 of its levels.
You also visited: Bailey.

You collected 1798 gold pieces.
You spent 352 gold pieces at shops.

Inventory:

Hand Weapons
 f - a +3 short sword of distortion
 F - a +0 shortbow of flaming
 G - a +4 trident of venom
 I - the +10 pair of quick blades "Gyre" and "Gimble" (weapon) {protect}
   (You found it in a bailey)
Missiles
 w - 67 poisoned darts
 x - 18 curare-tipped darts
 H - 3 throwing nets
 K - 13 datura-tipped darts
Armour
 k - a +1 pair of boots (worn)
 y - a +0 troll leather armour
 N - a +0 leather armour of cold resistance
 R - +0 steam dragon scales (worn)
 W - a scarf of resistance (worn)
 Y - a +1 robe of fire resistance
 Z - a +2 pair of gloves (worn)
Magical Staves
 S - a staff of cold
Jewellery
 a - a +6 ring of dexterity
 d - an amulet of magic regeneration (around neck)
 e - a ring of ice (left hand)
 g - a ring of willpower
 i - a ring of flight
 A - a +5 ring of evasion
 P - an amulet of regeneration
 X - a ring of magical power (right hand)
Wands
 q - a wand of polymorph (19)
 B - a wand of flame (62)
 E - a wand of paralysis (4)
 L - a wand of mindburst (19)
 O - a wand of iceblast (3)
 U - a wand of digging (17)
Scrolls
 c - a scroll of blinking
 m - 3 scrolls of immolation {unknown}
 p - a scroll of acquirement {unknown}
 r - 3 scrolls of noise {unknown}
 v - a scroll of fog
 D - a scroll of butterflies
 J - 2 scrolls of fear
 Q - a scroll of enchant armour
 T - 7 scrolls of teleportation
 V - a scroll of poison
Potions
 b - 2 potions of magic
 h - a potion of berserk rage
 j - 4 potions of cancellation
 l - 4 potions of heal wounds
 n - 3 potions of brilliance
 o - 7 potions of enlightenment {unknown}
 s - 4 potions of invisibility
 t - 2 potions of ambrosia
 u - a potion of attraction
 z - 10 potions of curing {unknown}
 C - 2 potions of haste
 M - 3 potions of lignification


   Skills:
 * Level 8.4 Fighting
 + Level 6.4 Short Blades
 + Level 4.2 Dodging
 + Level 9.6 Stealth
 + Level 10.1 Spellcasting
 + Level 1.8 Conjurations
 + Level 3.7 Summonings
 * Level 8.2 Necromancy
 * Level 13.4 Ice Magic
 * Level 7.3 Air Magic
 + Level 10.3 Invocations


You had 9 spell levels left.
You knew the following spells:

 Your Spells              Type           Power      Damage    Failure   Level
a - Freeze                Ice            100%       1d10      1%          1
b - Frozen Ramparts       Ice            100%       1d16      1%          3
c - Ozocubu's Armour      Ice            79%        N/A       1%          3
d - Summon Ice Beast      Ice/Summ       63%        N/A       1%          4
e - Cigotuvi's Dreadful   Necr/Pois/Air  64%        N/A       1%          2
f - Freezing Cloud        Conj/Ice/Air   29%        6-21      8%          5
g - Simulacrum            Ice/Necr       35%        N/A       12%         6

Your spell library contained the following spells:

 Spells                   Type           Power      Damage    Failure   Level
 Summon Small Mammal      Summ           100%       N/A       1%          1
 Sublimation of Blood     Necr           45%        N/A       1%          2
 Call Canine Familiar     Summ           26%        N/A       4%          3
 Summon Guardian Golem    Hex/Summ       18%        N/A       9%          3
 Lesser Beckoning         Tloc           20%        N/A       10%         2
 Metabolic Englaciation   Hex/Ice        27%        N/A       11%         5
 Anguish                  Hex/Necr       13%        N/A       12%         4
 Dazzling Flash           Conj/Hex       28%        N/A       13%         3
 Gell's Gravitas          Tloc           10%        N/A       19%         3
 Ignite Poison            Fire/Tmut/Pois 10%        N/A       19%         3
 Portal Projectile        Hex/Tloc       20%        N/A       19%         3
 Teleport Other           Tloc           10%        N/A       19%         3
 Tukima's Dance           Hex            10%        N/A       19%         3
 Volatile Blastmotes      Fire/Tloc      20%        2d11      19%         3
 Iskenderun's Mystic Bla  Conj/Tloc      14%        2d5       41%         4
 Cause Fear               Hex            5%         N/A       54%         4
 Leda's Liquefaction      Hex/Erth       5%         N/A       54%         4
 Petrify                  Tmut/Erth      10%        N/A       54%         4
 Irradiate                Conj/Tmut      7%         3d14      77%         5
 Starburst                Conj/Fire      7%         6d4       100%        6
 Enfeeble                 Hex            5%         N/A       100%        7
 Maxwell's Capacitive Co  Air            20%        ∞         100%        8


Dungeon Overview and Level Annotations

Branches:
Dungeon (13/15)            Temple (0/1) D:5            Lair (5/5) D:11
 Shoals (0/4) Lair:3       Spider (0/4) Lair:2        Slime (0/5) Lair:5
    Orc (2/2) D:12         Bailey (visited)
    Elf: Orc:2       Vaults: D:13-14

Altars:
Dithmenos
Hepliaklqana
Makhleb
Ru
Sif Muna
Uskayaw
Xom
Yredelemnul
Jiyva

Shops:
D:5 **!   D:6 *   Orc:2 [

Annotations:
Orc:2 Saint Roka


Innate Abilities, Weirdness & Mutations

You have hoof-like feet.
You have a pair of horns on your head.
When hurt, damage is shared between your health and your magic reserves.
You regenerate magic rapidly.
Spells you cast may paralyse nearby enemies.
You have a tail ending in a sharp stinger.


Message History

A freezing mist starts to gather... x2
Saint Roka calls out, "Only Beogh rules here!"
Saint Roka invokes the aid of Beogh against you.
Beogh smites you!
The ogre hits your troll simulacrum with a +0 giant club.
Casting: Simulacrum (dangerous; 12% risk of failure)
Confirm with . or Enter, or press ? or * to list all spells.
Okay, then.
Casting: Simulacrum (dangerous; 12% risk of failure)
Confirm with . or Enter, or press ? or * to list all spells.
You don't have enough magic to cast this spell.
Unknown command.
Your troll simulacrum bites Saint Roka but does no damage.
Your troll simulacrum claws Saint Roka.
Your troll simulacrum freezes Saint Roka!!
Your troll simulacrum closely misses Saint Roka.
Saint Roka hits your troll simulacrum with a +1 great sword of protection!!!
Your troll simulacrum vaporises!
Unknown command.
Saint Roka is engulfed in freezing vapours.
Unknown command.
Casting: Simulacrum (dangerous; 12% risk of failure)
Confirm with . or Enter, or press ? or * to list all spells.
You feel a surge of power! A chill wind blows around you.
Malevolent energies surge around you.
Your orc warrior simulacrum misses Saint Roka.
Saint Roka invokes the aid of Beogh against you.
Beogh smites you!
Saint Roka is engulfed in freezing vapours.
Your ice beast closely misses Saint Roka.
Unknown command.
Saint Roka calls down the wrath of Beogh upon you.
Beogh smites you!
* * * LOW HITPOINT WARNING * * *
Your orc warrior simulacrum barely misses Saint Roka.
Your ice beast hits Saint Roka but does no damage.
Unknown command.
The wall freezes the ogre but does no damage.
The ogre hits you with a +0 giant club!!
You die...

...............≈.≈.....$.......
.#........#.....≈......)..^....
###.......###.......#..........
.###.......#...................
## ...............§...........
# ................§§§§.....o.
............§.§§☼§§......O
...##....#OYoZ§§§.......
.###.....@.§§§§§§.......
###############.<.... ..... ...


You could see Saint Roka (ally target), an ogre, a friendly ice beast (summoned)
and a friendly orc warrior simulacrum.

Vanquished Creatures
  Josephine (D:12)
  3 hydras
  Erolcha (D:9)
  2 two-headed ogres
  A boulder beetle (D:11)
  8 death yaks
  An orc high priest (Orc:2)
  2 skysharks
  5 skeletal warriors (D:11)
  3 lindwurms
  Pikel (D:5)
  3 deep elf pyromancers (D:12)
  2 ugly things (D:11)
  An orc sorcerer (Orc:2)
  4 cyclopes
  2 manticores
  9 black mambas
  The ghost of javelincjr the Ruffian, a novice TrSh (D:4)
  14 elephants
  Maggie (D:8)
  3 torpor snails
  An unseen horror (D:12)
  19 cane toads
  2 gargoyles (D:11)
  Jeremiah (D:8)
  10 komodo dragons
  5 rime drakes
  The ghost of Pokonic1 the Trooper, an amateur DsBe of Trog (D:5)
  5 polar bears
  Prince Ribbit (D:5)
  4 trolls
  A wind drake (Lair:3)
  14 hornets
  7 blink frogs
  A dream sheep (Lair:4)
  3 slime creatures (D:12)
  Sigmund (D:5)
  2 shadows
  12 spriggans (Lair:5)
  2 vampires
  3 basilisks
  5 wraiths
  6 wyverns
  A human (D:10)
  29 yaks
  A redback (Lair:2)
  10 vampire mosquitoes (D:11)
  Menkaure (D:4)
  A warg (Orc:2)
  2 acid dragons
  9 water moccasins
  An ice beast (D:8)
  18 orc warriors
  7 black bears
  8 ogres
  4 boggarts (Lair:5)
  30 wolves
  4 centaurs
  12 kobold brigands
  Blork the orc (D:4)
  14 bullfrogs
  A gnoll sergeant (D:6)
  2 scorpions
  8 wights
  7 killer bees
  9 howler monkeys
  An electric eel (Lair:4)
  11 orc priests
  2 jellies
  5 hounds
  2 sleepcaps
  An iguana (D:5)
  8 orc wizards
  7 hell rats (Lair:1)
  Robin (D:4)
  8 gnolls
  9 adders
  A shadow imp (D:6)
  A white imp (D:7)
  2 ufetubi (D:5)
  A dart slug (D:4)
  58 orcs
  8 bats
  6 endoplasms
  4 giant cockroaches
  20 goblins
  13 hobgoblins
  7 jackals (D:1)
  5 quokkas
  4 ball pythons
  2 frilled lizards
  A goblin zombie (D:10)
  A jackal skeleton (D:10)
  39 kobolds
  5 rats
587 creatures vanquished.

Vanquished Creatures (collateral kills)
  Sonja (Lair:3)
  An oklob plant (Lair:3)
  2 blink frogs (Lair:3)
  A yak (D:8)
  A vampire mosquito (D:11)
  A basilisk (D:11)
  3 wolves
  3 wights (D:7)
  A killer bee (D:10)
  2 orc priests
  An orc (D:10)
  2 goblins
  A kobold (D:10)
20 creatures vanquished.

Grand Total: 607 creatures vanquished

Notes
Turn   | Place    | Note
-------+----------+-------------------------------------------
     0 | D:1      | Ekaitz the Demonspawn Ice Elementalist began the quest for
                  | the Orb.
     0 | D:1      | Reached XP level 1. HP: 13/13 MP: 3/3
   143 | D:1      | Gained mutation: You regenerate magic rapidly. [demonic
                  | ancestry]
   143 | D:1      | Reached XP level 2. HP: 20/20 MP: 3/5
   302 | D:1      | Reached skill level 1 in Fighting
   303 | D:1      | Reached skill level 4 in Ice Magic
   569 | D:1      | Found a faded altar of an unknown god.
   617 | D:1      | Reached XP level 3. HP: 26/26 MP: 4/6
   645 | D:1      | Learned a level 3 spell: Frozen Ramparts
  1460 | D:3      | Found a shimmering altar of Xom.
  1514 | D:3      | Reached XP level 4. HP: 32/32 MP: 3/8
  1942 | D:3      | Found a faded altar of an unknown god.
  1957 | D:3      | Found a hide-covered altar of Uskayaw.
  2021 | D:4      | Found a runed translucent gate.
  2023 | D:4      | Found a runed translucent gate.
  2023 | D:4      | Found a runed translucent gate.
  2023 | D:4      | Noticed javelincjr's ghost (novice TrSh)
  2023 | D:4      | Noticed a kobold brigand
  2055 | D:4      | Found a sacrificial altar of Ru.
  2157 | D:4      | Gained mutation: When hurt, damage is shared between your
                  | health and your magic reserves. [demonic ancestry]
  2157 | D:4      | Reached XP level 5. HP: 36/38 MP: 6/9
  2330 | D:4      | Noticed Blork the orc
  2340 | D:4      | Killed Blork the orc
  2341 | D:4      | Reached skill level 5 in Ice Magic
  2341 | D:4      | Discovered your monstrous ancestry.
  2341 | D:4      | Gained mutation: You have a small tail. [demonic ancestry]
  2341 | D:4      | Reached XP level 6. HP: 38/44 MP: 5/11
  2358 | D:4      | Learned a level 4 spell: Summon Ice Beast
  2424 | D:4      | Noticed Menkaure
  2508 | D:4      | Found a shadowy altar of Dithmenos.
  2510 | D:4      | Upgraded the game from 0.31-a0-640-g39d97e502b to
                  | 0.31-a0-654-gbe3e110b4e
  2560 | D:4      | Learned a level 3 spell: Ozocubu's Armour
  2769 | D:4      | Noticed Robin
  2775 | D:4      | Killed Robin
  2904 | D:3      | Became a worshipper of Uskayaw the Reveller
  2921 | D:4      | Reached * piety under Uskayaw
  2923 | D:4      | Reached ** piety under Uskayaw
  2927 | D:4      | Killed Menkaure
  2928 | D:4      | Reached skill level 1 in Summonings
  2928 | D:4      | Gained mutation: Spells you cast may paralyse adjacent
                  | enemies. [demonic ancestry]
  2928 | D:4      | Reached XP level 7. HP: 27/51 MP: 2/13
  3191 | D:5      | Entered Level 5 of the Dungeon
  3197 | D:5      | Reached *** piety under Uskayaw
  3198 | D:5      | Noticed Pikel
  3203 | D:5      | Reached **** piety under Uskayaw
  3205 | D:5      | Killed Pikel
  3206 | D:5      | Reached skill level 5 in Spellcasting
  3206 | D:5      | Reached skill level 6 in Ice Magic
  3206 | D:5      | Gained mutation: You have a pair of small horns on your
                  | head. [demonic ancestry]
  3206 | D:5      | Reached XP level 8. HP: 46/57 MP: 6/15
  3208 | D:5      | Found Melaet's Assorted Antiques.
  3249 | D:5      | Found Qaehenuw's General Store.
  3250 | D:5      | Found Neiwk's Distillery.
  3254 | D:5      | Bought a blue potion for 20 gold pieces
  3254 | D:5      | Bought a scroll labelled PAIPIK MIENO for 23 gold pieces
  3254 | D:5      | Bought a sapphire potion for 20 gold pieces
  3254 | D:5      | Bought an agate ring for 115 gold pieces
  3337 | D:5      | Noticed Sigmund
  3342 | D:5      | Killed Sigmund
  3343 | D:5      | Reached skill level 7 in Ice Magic
  3343 | D:5      | Found a staircase to the Ecumenical Temple.
  3384 | D:5      | Noticed Prince Ribbit
  3391 | D:5      | Killed Prince Ribbit
  3468 | D:5      | Noticed Pokonic1's ghost (amateur DsBe)
  3477 | D:5      | Found a runed translucent door.
  4452 | D:6      | Reached skill level 8 in Ice Magic
  4552 | D:6      | Found Huley's Serpentskin Sales.
  4987 | D:6      | Gained mutation: You have a pair of horns on your head.
                  | [demonic ancestry]
  4987 | D:6      | Reached XP level 9. HP: 56/62 MP: 14/17
  5570 | D:7      | Reached skill level 5 in Invocations
  5867 | D:8      | Noticed Jeremiah
  5918 | D:8      | Killed Jeremiah
  6004 | D:8      | Noticed Maggie
  6011 | D:8      | Killed Maggie
  6012 | D:8      | Reached skill level 9 in Ice Magic
  6102 | D:8      | Found a hazy altar of Hepliaklqana.
  6102 | D:8      | Found a burning altar of Makhleb.
  6212 | D:8      | Gained mutation: You have a tail ending in a sharp stinger.
                  | [demonic ancestry]
  6212 | D:8      | Reached XP level 10. HP: 69/69 MP: 17/20
  6213 | D:8      | Reached skill level 1 in Short Blades
  6213 | D:8      | Reached ***** piety under Uskayaw
  6214 | D:8      | Reached skill level 5 in Stealth
  6579 | D:9      | Noticed Erolcha
  6714 | D:4      | Killed javelincjr's ghost
  6854 | D:3      | Learned a level 2 spell: Cigotuvi's Dreadful Rot
  6944 | D:5      | Bought a potion of degeneration for 12 gold pieces
  6944 | D:5      | Bought a potion of invisibility for 96 gold pieces
  6956 | D:5      | Bought a scroll of teleportation for 33 gold pieces
  6956 | D:5      | Bought a scroll of teleportation for 33 gold pieces
  7017 | D:5      | Killed Pokonic1's ghost
  7374 | D:9      | Killed Erolcha
  7375 | D:9      | Reached skill level 1 in Necromancy
  7375 | D:9      | Reached skill level 1 in Air Magic
  7890 | D:10     | Entered Level 10 of the Dungeon
  7917 | D:10     | Reached skill level 10 in Ice Magic
  8048 | D:10     | Gained mutation: You have large cloven feet. [demonic
                  | ancestry]
  8048 | D:10     | Reached XP level 11. HP: 77/77 MP: 17/22
  8064 | D:10     | Found a flagged portal.
  8081 | D:10     | Learned a level 5 spell: Freezing Cloud
  8082 | Bailey   | Entered a bailey
  8279 | Bailey   | Found the +10 pair of quick blades "Gyre" and "Gimble"
                  | {protect}
  8281 | Bailey   | Found a bloodstained altar of Trog.
  8466 | D:10     | Found a runed translucent door.
  8472 | D:10     | Found a basalt altar of Yredelemnul.
  8494 | D:10     | Noticed a two-headed ogre
  8502 | D:10     | Killed a two-headed ogre
  8539 | D:10     | Found a shimmering blue altar of Sif Muna.
  8915 | D:11     | Noticed a purple ugly thing
  8925 | D:11     | Killed a purple ugly thing
  9286 | D:11     | Noticed a skeletal warrior
  9302 | D:11     | Killed a skeletal warrior
  9303 | D:11     | Reached skill level 5 in Fighting
  9307 | D:11     | Noticed a skeletal warrior
  9307 | D:11     | Noticed a skeletal warrior
  9311 | D:11     | Noticed a skeletal warrior
  9327 | D:11     | Killed a skeletal warrior
  9328 | D:11     | Killed a skeletal warrior
  9332 | D:11     | Killed a skeletal warrior
  9338 | D:11     | Noticed a skeletal warrior
  9349 | D:11     | Killed a skeletal warrior
  9351 | D:11     | Noticed a boulder beetle
  9373 | D:11     | Killed a boulder beetle
  9374 | D:11     | Reached skill level 11 in Ice Magic
  9374 | D:11     | Reached XP level 12. HP: 34/86 MP: 21/24
  9682 | D:11     | Found a staircase to the Lair.
 10397 | D:12     | Noticed a two-headed ogre
 10401 | D:12     | Killed a two-headed ogre
 10451 | D:12     | Found a staircase to the Orcish Mines.
 10895 | D:12     | Reached skill level 5 in Necromancy
 11037 | D:12     | Noticed Josephine
 11064 | D:12     | Killed Josephine
 11314 | D:13     | Identified the +0 falchion of Etuede {heavy, rC+ rCorr
                  | Str+2 Dex-2}
 11381 | D:13     | Noticed a vault guard
 11465 | Lair:1   | Entered Level 1 of the Lair of Beasts
 11596 | Lair:1   | Reached skill level 5 in Short Blades
 11610 | Lair:1   | Reached ****** piety under Uskayaw
 11930 | Lair:1   | Gained mutation: You have hoof-like feet. [demonic
                  | ancestry]
 11930 | Lair:1   | Reached XP level 13. HP: 92/93 MP: 25/25
 12314 | Lair:2   | Reached skill level 5 in Air Magic
 12981 | Lair:2   | Found a hole to the Spider Nest.
 13467 | Lair:3   | Noticed Sonja
 13541 | Lair:3   | Found a staircase to the Shoals.
 13695 | Lair:3   | Reached skill level 12 in Ice Magic
 13713 | Lair:3   | Reached skill level 10 in Invocations
 13892 | Lair:3   | Killed Sonja
 15203 | Lair:4   | Learned a level 6 spell: Simulacrum
 15255 | Lair:4   | Gained mutation: Spells you cast may paralyse nearby
                  | enemies. [demonic ancestry]
 15255 | Lair:4   | Reached XP level 14. HP: 82/103 MP: 25/27
 16078 | Lair:5   | Entered Level 5 of the Lair of Beasts
 16423 | Lair:5   | Reached skill level 13 in Ice Magic
 16623 | Lair:5   | Reached skill level 10 in Spellcasting
 16657 | Lair:5   | Found a viscous altar of Jiyva.
 16658 | Lair:5   | Found a staircase to the Slime Pits.
 16675 | Lair:5   | Reached skill level 1 in Conjurations
 16692 | Lair:5   | Paralysed by a hornet for 1 turns
 17841 | Lair:5   | Identified the +0 chain mail of Inida Besm {rPois Str+3}
 18030 | Orc:1    | Entered Level 1 of the Orcish Mines
 18315 | Orc:2    | Entered Level 2 of the Orcish Mines
 18502 | Orc:2    | Found Ciaraska's Antique Armour Emporium.
 18542 | Orc:2    | Noticed Saint Roka
 18563 | Orc:2    | Slain by an ogre

Illustrated notes

Levels and vault maps discovered:
D:1:      denvon_arrival_waterhouse, layout_loops_corners,
          hellmonk_ecumenical_altar_leap_of_faith, minmay_pentomino_o4
D:2:      layout_rooms
D:3:      layout_basic, nicolae_overflow_ecumenical_swirl,
          mainiacjoe_overflow_surrounded_room, due_unseen_surprise
D:4:      layout_basic, mainiacjoe_overflow_paths,
          mainiacjoe_overflow_cross_hatched, gammafunk_ghost_nasty_kobolds,
          chequers_arboretum, uniq_blork_the_orc, uniq_robin, uniq_menkaure
D:5:      layout_rooms, minmay_temple_entry_slanted,
          hellmonk_ghost_happy_afterlife, chequers_serial_rivers_micro_a,
          hangedman_decor_riveting, corexii_checkpoint_a,
          nicolae_wooded_promenade, kennysheep_doodads, uniq_prince_ribbit1,
          uniq_sigmund, uniq_pikel
D:6:      layout_basic, guppyfry_shop_venom
D:7:      layout_rooms
D:8:      layout_loops_cross, grunt_temple_overflow_open,
          kennysheep_small_spiral, uniq_jeremiah, uniq_maggie
D:9:      layout_small_grid, kennysheep_little_box, uniq_erolcha
D:10:     layout_rooms, dk_yredelemnul_ordeal, mainiacjoe_overflow_alcove_1,
          enter_bailey_3, hex_large, minmay_misc_feat_doors
D:11:     minmay_inside_and_out, layout_layer_cave, david_lair_generic,
          hangedman_decor_peaks_small, chequers_garden,
          dreamdust_princess_bridge, serial_bayou_pond_b
D:12:     layout_roguey, erik_orc_4, moated_statue, uniq_josephine
D:13:     minmay_guarded_unrand_sword_of_power, layout_rooms, erik_vaults_1
Lair:1:   layout_cave_pods, dreamdust_wasp_nest
Lair:2:   layout_small_grid, spider_nest_entry_rubble
Lair:3:   layout_layer_cave, minmay_shoals_entry_beasts, nicolae_lair_lindhole,
          uniq_sonja
Lair:4:   nzn_winding_woodlands_medium [nzn_winding_woodlands_5x5_closed_star,
          nzn_winding_woodlands_5x15_river_crossing,
          nzn_winding_woodlands_5x5_default, nzn_winding_woodlands_5x5_default,
          nzn_winding_woodlands_center_garden,
          nzn_winding_woodlands_5x5_open_star,
          nzn_winding_woodlands_5x5_perimeter,
          nzn_winding_woodlands_5x15_concentric,
          nzn_winding_woodlands_5x5_cross], layout_regular_city
Lair:5:   minmay_lair_end_enchanted_forest, layout_regular_city,
          dpeg_slime_entry_corner, serial_bayou_pond_c,
          hangedman_lair_generics_rect, infiniplex_staircase_pool_2
Orc:1:    layout_caves, serial_shops, shop
Orc:2:    st_orc_congregation, layout_caves, serial_shops, nicolae_diamond_shop,
          uniq_saint_roka

Skill      XL: |  1  2  3  4  5  6  7  8  9 10 11 12 13 14 |
---------------+-------------------------------------------+-----
Fighting       | 1 2 4 5 6 7 8 |  8.4
Ice Magic      | 4 5 6 8 9 10 11 12 13 | 13.4
Spellcasting   | 3 4 5 6 7 8 9 10 | 10.1
Stealth        | 2 3 4 5 6 7 8 9 |  9.6
Summonings     | 1 2 3 |  3.7
Invocations    | 2 4 5 7 8 9 10 | 10.3
Dodging        | 2 3 4 |  4.2
Short Blades   | 2 4 5 6 |  6.4
Necromancy     | 1 3 6 7 8 |  8.2
Air Magic      | 1 3 4 6 7 |  7.3
Conjurations   | 1 |  1.8

Action                     |  1- 3 |  4- 6 |  7- 9 | 10-12 | 13-15 || total
---------------------------+-------+-------+-------+-------+-------++-------
  Melee: Unarmed           |     1 |       |       |       |       ||     1
         Dagger            |    10 |    22 |   134 |    12 |       ||   178
         Tailslap          |       |     5 |    20 |    79 |   131 ||   235
         Punch             |       |       |     2 |     1 |       ||     3
         Headbutt          |       |       |    26 |   136 |   189 ||   351
         Short sword       |       |       |       |    68 |       ||    68
         Pair of quick bla |       |       |       |   457 |   738 ||  1195
   Cast: Freeze            |    57 |    41 |    23 |    24 |    17 ||   162
         Frozen Ramparts   |     1 |    10 |    31 |    46 |    36 ||   124
         Ozocubu's Armour  |       |     3 |    17 |    33 |    18 ||    71
         Summon Ice Beast  |       |       |     3 |    24 |    12 ||    39
         Freezing Cloud    |       |       |       |       |    37 ||    37
         Simulacrum        |       |       |       |       |     6 ||     6
 Invoke: Stomp             |       |     2 |     1 |     1 |     6 ||    10
         Line Pass         |       |       |     2 |     1 |       ||     3
         Grand Finale      |       |       |       |       |     1 ||     1
  Evoke: Wand              |       |       |       |     1 |       ||     1
    Use: Scroll            |       |       |       |    12 |     6 ||    18
   Stab: Sleeping          |     2 |     4 |     7 |    14 |    22 ||    49
         Paralysed         |       |       |    26 |    66 |    47 ||   139
         Distracted        |       |       |       |     2 |     3 ||     5
 Armour: Robe              |    13 |    16 |    34 |       |       ||    63
         Steam dragon scal |       |       |       |    92 |   106 ||   198
  Dodge: Dodged            |    25 |    27 |    63 |   128 |   156 ||   399

Table legend: (Time is in decaauts)
 A = Elapsed time spent in this place.
 B = Non-inter-level travel time spent in this place.
 C = Inter-level travel time spent in this place.
 D = Time resting spent in this place.
 E = Time spent auto-exploring this place.
 F = Levels seen in this place.
 G = Mean time per level.
                   A        B        C        D        E       F      G
               +--------+--------+--------+--------+--------+-----+--------+
         Total |  18588 |  17491 |   1097 |    160 |  13077 |  21 |  885.1 |
       Dungeon |  11239 |  10470 |    769 |     57 |   7829 |  13 |  864.5 |
          Lair |   6519 |   6202 |    317 |     83 |   4820 |   5 | 1303.8 |
  Orcish Mines |    529 |    519 |     10 |      0 |    326 |   2 |  264.5 |
        Bailey |    300 |    300 |      0 |     20 |    101 |   1 |  300.0 |
               +--------+--------+--------+--------+--------+-----+--------+

Top non-repeatable levels by time:
  Lair:5: 1802 daAuts
    D:11: 1613 daAuts
  Lair:3: 1440 daAuts
     D:4: 1279 daAuts
     D:6: 1270 daAuts
  Lair:4: 1186 daAuts
  Lair:2: 1145 daAuts
    D:12: 1026 daAuts
     D:1: 965 daAuts
  Lair:1: 944 daAuts
     D:8: 943 daAuts
     D:5: 843 daAuts
     D:9: 822 daAuts
     D:3: 716 daAuts
     D:7: 572 daAuts
